 Dungeon Crawl Stone Soup version 0.27.0-1-g7a089689b8 (webtiles) character file.

Game seed: 3402308694137835966

77 inmateoo the Skirmisher (level 4, -5/39 HPs)
             Began as a Palentonga Monk on Aug 2, 2021.
             Slain by Terence (9 damage)
             ... on level 3 of the Dungeon.
             The game lasted 00:03:04 (2326 turns).

inmateoo the Skirmisher (Palentonga Monk)           Turns: 2326, Time: 00:03:04

Health: -5/39      AC:  5    Str: 14    XL:     4   Next: 13%
Magic:  4/4        EV: 10    Int: 11    God:
Gold:   119        SH:  3    Dex: 13    Spells: 3/3 levels left

rFire    . . .     SeeInvis +     - Unarmed
rCold    . . .     Faith    .   h - +0 buckler
rNeg     . . .     Spirit   .   a - +0 robe
rPois    .         Reflect  .   (no helmet)
rElec    .         Harm     .   e - +0 cloak
rCorr    .         Rampage  .   (no gloves)
Will     .....                  (no barding)
Stlth    ++........             (no amulet)
HPRegen  0.13/turn              (no ring)
MPRegen  0.09/turn              (no ring)

@: attractive
A: large, rugged brown scales 3, see invisible, deformed body, roll 1, armoured
tail
a: Rolling Charge


You were on level 3 of the Dungeon.
You visited 1 branch of the dungeon, and saw 3 of its levels.

You collected 119 gold pieces.

Inventory:

Armour
 a - a +0 robe (worn)
 e - a +0 cloak (worn)
 h - a +0 buckler (worn)
Jewellery
 b - a ring of wizardry
Scrolls
 g - a scroll of torment {unknown}
Potions
 f - a potion of cancellation


   Skills:
 + Level 3.7 Fighting
 + Level 3.1 Dodging
 - Level 1.2 Stealth
 + Level 0.0 Shields
 + Level 3.7 Unarmed Combat


You had 3 spell levels left.
You didn't know any spells.
Your spell library contained the following spells:

 Spells                   Type           Power      Damage    Failure   Level
 Shock                    Conj/Air       0%         1d3       52%         1
 Slow                     Hex            0%         N/A       65%         2
 Static Discharge         Conj/Air       0%         N/A       65%         2
 Confusing Touch          Hex            0%         N/A       87%         3
 Swiftness                Air            0%         N/A       87%         3
 Vampiric Draining        Necr           0%         2d6       87%         3
 Airstrike                Air            0%         N/A       99%         4
 Dispel Undead            Necr           0%         3d6       99%         4
 Sticky Flame             Conj/Fire      0%         2d3       99%         4


Dungeon Overview and Level Annotations

Branches:
Dungeon (3/15)

Altars:

Annotations:
D:3 Robin, Terence


Innate Abilities, Weirdness & Mutations

You are completely covered in rugged brown scales. (AC +3, +7% HP)
You have supernaturally acute eyesight. (SInv)
Armour fits poorly on your strangely shaped body.
You can roll at nearby foes to attack.
You have a long armoured tail.


Message History

It was a potion of ambrosia.
You are confused.
You feel invigorated. Terence hits you with a +0 mace.
You closely miss Terence.
Terence is moderately wounded.
Terence barely misses you. Terence hits you but does no damage.
You're too confused to move!
Terence closely misses you.
You hit Terence but do no damage.
Terence is moderately wounded.
Terence hits you with a +0 mace. Terence closely misses you.
You bump into the rock wall.
Terence hits you with a +0 mace.
You hit Terence. You tail-slap Terence.
Terence is severely wounded.
Terence hits you but does no damage. Terence barely misses you.
You bump into the rock wall.
Terence completely misses you.
You bump into the rock wall.
Terence barely misses you. Terence hits you with a +0 mace.
You bump into the rock wall.
Terence hits you with a +0 mace.
You feel less invigorated.
You feel less confused. Terence hits you with a +0 mace!
You block Terence's attack.
You hit Terence but do no damage.
Your tail-slap misses Terence.
Terence is severely wounded.
Terence closely misses you.
You hit Terence.
Your tail-slap misses Terence.
Terence is severely wounded.
Terence hits you with a +0 mace! x2
You hit Terence.
Terence is almost dead.
Terence hits you with a +0 mace.
* * * LOW HITPOINT WARNING * * *
It was a potion of magic.
Magic courses through your body. Terence hits you with a +0 mace.
* * * LOW HITPOINT WARNING * * *
Terence hits you with a +0 mace.
* * * LOW HITPOINT WARNING * * *
You barely miss Terence.
Terence is almost dead.
Terence hits you with a +0 mace!
You die...

#.....###.#.....)........#
#.....# .###..###<.##...
#.....# #....##...#
####### #.#.###...#
#.#.......# #.........#
#.######†.# #.....@...#
#....>@...# ###########


You could see Terence (fast).

Vanquished Creatures
  An adder (D:2)
  2 worms
  A dart slug (D:1)
  An orc (D:3)
  6 endoplasms
  A giant cockroach (D:3)
  10 goblins
  7 hobgoblins
  4 jackals (D:1)
  A kobold (D:1)
  4 quokkas
  4 ball pythons
  4 bats
  3 frilled lizards
  4 rats
53 creatures vanquished.

Notes
Turn   | Place    | Note
-------+----------+-------------------------------------------
     0 | D:1      | inmateoo the Palentonga Monk began the quest for the Orb.
     0 | D:1      | Reached XP level 1. HP: 19/19 MP: 1/1
   144 | D:1      | Reached XP level 2. HP: 19/25 MP: 2/2
   649 | D:2      | Reached XP level 3. HP: 31/31 MP: 3/3
   835 | D:2      | Found a faded altar of an unknown god.
  1481 | D:3      | Noticed Robin
  2018 | D:3      | Reached XP level 4. HP: 39/39 MP: 4/4
  2300 | D:3      | Noticed Terence
  2326 | D:3      | Slain by Terence

Illustrated notes

Levels and vault maps discovered:
D:1:      lemuel_arrival_broad_hall, layout_loops_ring
D:2:      layout_basic, ebering_ecumenical_altar_sacrificial
D:3:      layout_basic, uniq_grinder, uniq_jessica, uniq_terence, uniq_robin

Skill      XL: |  1  2  3 |
---------------+----------+-----
Dodging        | 3 |  3.1
Fighting       | |  3.7
Stealth        | |  1.2
Unarmed Combat | |  3.7

Action                   |  1- 3 |  4- 6 || total
-------------------------+-------+-------++-------
Melee: Unarmed           |   125 |    46 ||   171
       Tailslap          |    16 |     7 ||    23
       Punch             |     2 |     1 ||     3
 Abil: Rolling Charge    |     7 |       ||     7
  Use: Scroll            |     4 |       ||     4
       Potion            |       |     3 ||     3
 Stab: Sleeping          |     1 |       ||     1
Armor: Robe              |    42 |    13 ||    55
Dodge: Dodged            |    56 |    28 ||    84
Block: Buckler           |       |     2 ||     2
